AoeStats
← Thorrado

Oasis

509505765Analyzed
4v4 RM · 6d ago on Sep 27, 2026· 36m 36s· 8 players
Game mode
Random Map
Map size
Large (8 player)
Population
200
Speed
Normal
Resources
Standard
Victory
Conquest
Starting age
Dark Age
Ending age
Imperial Age
RankedLock teamsTeams togetherTeam positionsShared explorationLock speedFull tech treeHidden civsTurbo modeCheats
Victory
Defeat
🇨🇱 Saxons · Chile
780
+16
🇺🇸 Varangians · United States
777
+16
🇧🇷 Vietnamese · Brazil
760
+17
🇧🇷 Poles · Brazil
705
+20
🇺🇸 Magyars · United States
798
-18
🇺🇸 Goths · United States
794
-18
🇬🇧 Danes · United Kingdom
784
-17
🇺🇸 Varangians · United States
760
-16
ZeroFuqsGiven
5:59 Loom
12:19 Feudal Age
17:36 Castle Age
Thorrado
0:44 Loom
12:06 Feudal Age
13:27 Double-Bit Axe
22:46 Castle Age
22:20 Bloodlines
23:19 Horse Collar
23:20 Light Cavalry
24:00 Husbandry
27:34 Bow Saw
27:44 Heavy Plow
34:29 Imperial Age
34:08 Wheelbarrow
33:35 Gold Mining
33:36 Stone Mining
34:02 Chatras
34:02 Murder Holes
34:28 Ballistics
34:20 Fortified Wall
35:03 Spies/Treason
Z3rdn4
2:58 Loom
10:14 Feudal Age
11:49 Wheelbarrow
11:02 Double-Bit Axe
14:24 Gold Mining
14:36 Horse Collar
15:51 Stone Mining
22:33 Castle Age
20:11 Man-at-Arms
21:19 Arson
21:49 Bloodlines
23:13 Forging
23:05 Padded Archer Armor
23:33 Squires
23:02 Elite Skirmisher
24:25 Bow Saw
24:37 Town Watch
24:37 Long Swordsman
24:39 Pikeman
24:42 Light Cavalry
25:09 Treadmill Crane
26:35 Fervor
27:37 Ballistics
27:57 Heavy Plow
27:54 Fletching
29:56 Hand Cart
29:49 Husbandry
30:11 Masonry
29:29 Crossbowman
31:21 Iron Casting
36:59 Imperial Age
36:37 Szlachta Privileges
¿Adriixx?
10:58 Feudal Age
12:17 Wheelbarrow
13:54 Man-at-Arms
18:54 Forging
18:31 Arson
18:50 Scale Mail Armor
25:18 Castle Age
25:38 Gold Mining
26:51 Hand Cart
26:48 Squires
26:37 Gambesons
27:33 Iron Casting
27:14 Chain Mail Armor
28:03 Gold Shaft Mining
27:15 Double-Bit Axe
27:15 Horse Collar
29:25 Stone Mining
35:58 Imperial Age
34:00 Long Swordsman
36:07 Spies/Treason
ColeEcoBOOM
0:56 Loom
-Z-Wolftrap-Z-
Executioner's Bong
.:sTeeL:.
Connection lost

Rejoining the realm…

Still unreachable

The connection could not be restored.

Session expired

The server has moved on; the page needs a fresh start.